| TOP OF THE 1ST |
|
Scranton WB RailRiders batting - Pitching for Nashville Sounds : RHP Steve Friesner
|
|
Pitching: RHP Steve Friesner
|
|
|
Batting: RHB Neal Tinoco
|
0-0: Fly out, F9 (Flyball, 9D, EV 80.0 MPH)
|
|
Batting: LHB Kazuyoshi Nakamura
|
0-0: Ball 1-0: Foul Ball, location: 2F 1-1: Ball 2-1: Called Strike 2-2: Fly out, F7 (Flyball, 7LM, EV 73.1 MPH)
|
|
Batting: RHB Sean Neuroth
|
0-0: Ball 1-0: Ball 2-0: Ball 3-0: Base on Balls
|
|
Batting: RHB Scott King
|
0-0: Ball 1-0: Ball 2-0: Swinging Strike 2-1: Ball 3-1: Fly out, F7 (Flyball, 7D, EV 92.5 MPH)
|
| Top of the 1st over - 0 runs, 0 hits, 0 errors, 1 left on base; Scranton WB 0 - Nashville 0 |
| BOTTOM OF THE 1ST |
|
Nashville Sounds batting - Pitching for Scranton WB RailRiders : RHP Erik Sever
|
|
Pitching: RHP Erik Sever
|
|
|
Batting: RHB Jerry Escamilla
|
0-0: Ball 1-0: Swinging Strike 1-1: Ball 2-1: Swinging Strike 2-2: Ball 3-2: Foul Ball, location: 2F 3-2: Base on Balls
|
|
Batting: RHB Luis Restrepo
|
0-0: Ball Jerry Escamilla is caught stealing 2nd base 2-4 1-0: Fly out, F7 (Flyball, 7, EV 96.3 MPH)
|
|
Batting: RHB Chris Stillions
|
0-0: Ball 1-0: Called Strike 1-1: Ground out 4-3 (Groundball, 4, EV 101.3 MPH)
|
| Bottom of the 1st over - 0 runs, 0 hits, 0 errors, 0 left on base; Scranton WB 0 - Nashville 0 |
| TOP OF THE 2ND |
|
Scranton WB RailRiders batting - Pitching for Nashville Sounds : RHP Steve Friesner
|
|
Batting: RHB Jarrod Joyce
|
0-0: Called Strike 0-1: SINGLE (Line Drive, 6D, EV 106.9 MPH)
|
|
Batting: RHB Russ Shambaugh
|
0-0: Ball 1-0: Ball Jarrod Joyce steals 2nd base 2-0: Ball 3-0: Foul Ball, location: 2F 3-1: Base on Balls
|
|
Batting: RHB Jeremy Boerman
|
0-0: Called Strike 0-1: Ball 1-1: Foul Ball, location: 2F 1-2: SINGLE (Groundball, 6M, EV 98.1 MPH) Jarrod Joyce to third Russ Shambaugh to second
|
|
Batting: LHB Justin Covington
|
0-0: Called Strike 0-1: Swinging Strike 0-2: Foul Ball, location: 2F 0-2: GRAND SLAM HOME RUN (Flyball, 9D, EV 95.0 MPH), Distance : 357 ft
|
|
Batting: RHB Hector Padilla
|
0-0: Ball 1-0: Ball 2-0: SINGLE (Groundball, 34D, EV 94.4 MPH)
|
|
Batting: RHB Neal Tinoco
|
0-0: Ball 1-0: Called Strike 1-1: Ball 2-1: Ball Wild Pitch! Hector Padilla to second 3-1: Swinging Strike 3-2: Foul Ball, location: 2F 3-2: Base on Balls
|
|
Batting: LHB Kazuyoshi Nakamura
|
0-0: Foul Ball, location: 2F 0-1: Ball 1-1: Fly out, F7 (Flyball, 7, EV 90.0 MPH)
|
|
Batting: RHB Sean Neuroth
|
0-0: Ball Hector Padilla steals 3rd base Neal Tinoco to second 1-0: Foul Ball, location: 2F 1-1: Foul Ball, location: 2F 1-2: Ground out 6-3 (Groundball, 6M, EV 86.9 MPH) Hector Padilla scores Neal Tinoco to third
|
|
Batting: RHB Scott King
|
0-0: Ground out 6-3 (Groundball, 6, EV 106.9 MPH)
|
| Top of the 2nd over - 5 runs, 4 hits, 0 errors, 1 left on base; Scranton WB 5 - Nashville 0 |
| BOTTOM OF THE 2ND |
|
Nashville Sounds batting - Pitching for Scranton WB RailRiders : RHP Erik Sever
|
|
Batting: RHB Dusty Thompson
|
0-0: Called Strike 0-1: Ball 1-1: Ball 2-1: Fly out, F7 (Flyball, 7S, EV 96.9 MPH)
|
|
Batting: RHB Kevin Wiles
|
0-0: Called Strike 0-1: Foul Ball, location: 2F 0-2: Ball 1-2: Ball 2-2: Ball 3-2: Fly out, F9 (Flyball, 9S, EV 88.1 MPH)
|
|
Batting: LHB Zachary DeLuca
|
0-0: Ball 1-0: Ground out 6-3 (Groundball, 6, EV 97.5 MPH)
|
| Bottom of the 2nd over - 0 runs, 0 hits, 0 errors, 0 left on base; Scranton WB 5 - Nashville 0 |
| TOP OF THE 3RD |
|
Scranton WB RailRiders batting - Pitching for Nashville Sounds : RHP Steve Friesner
|
|
Batting: RHB Jarrod Joyce
|
0-0: Ground out 5-3 (Groundball, 56, EV 87.5 MPH)
|
|
Batting: RHB Russ Shambaugh
|
0-0: Called Strike 0-1: Ball 1-1: Ball 2-1: Fly out, F8 (Flyball, 89D, EV 100.6 MPH)
|
|
Batting: RHB Jeremy Boerman
|
0-0: Called Strike 0-1: Ball 1-1: Fly out, F7 (Flyball, 7LD, EV 88.8 MPH)
|
| Top of the 3rd over - 0 runs, 0 hits, 0 errors, 0 left on base; Scranton WB 5 - Nashville 0 |
| BOTTOM OF THE 3RD |
|
Nashville Sounds batting - Pitching for Scranton WB RailRiders : RHP Erik Sever
|
|
Batting: LHB Angel Sanchez
|
0-0: Foul Ball, location: 2F 0-1: Swinging Strike 0-2: Ball 1-2: SINGLE (Line Drive, 9LS, EV 103.8 MPH)
|
|
Batting: RHB Trevor Conklin
|
0-0: Ball 1-0: Called Strike 1-1: Ball 2-1: Swinging Strike 2-2: Ball 3-2: Fly out, F8 (Flyball, 8LD, EV 93.1 MPH)
|
|
Batting: RHB Hyeong-uk Lyang
|
0-0: Called Strike 0-1: Ball 1-1: SINGLE (Groundball, 56D, EV 102.5 MPH) Angel Sanchez to second
|
|
Batting: RHB Jerry Escamilla
|
0-0: Ball 1-0: Swinging Strike 1-1: Called Strike 1-2: Grounds into double play, 5-4-3 (Groundball, 56, EV 105.0 MPH)
|
| Bottom of the 3rd over - 0 runs, 2 hits, 0 errors, 1 left on base; Scranton WB 5 - Nashville 0 |
| TOP OF THE 4TH |
|
Scranton WB RailRiders batting - Pitching for Nashville Sounds : RHP Steve Friesner
|
|
Pitching: RHP Theodore Behr
|
|
|
Batting: LHB Justin Covington
|
0-0: Called Strike 0-1: SINGLE (Groundball, P, EV 90.6 MPH) (infield hit)
|
|
Batting: RHB Hector Padilla
|
0-0: Called Strike Justin Covington steals 2nd base 0-1: Ball 1-1: Ball 2-1: DOUBLE (Flyball, 8LXD, EV 90.0 MPH) Justin Covington scores
|
|
Batting: RHB Neal Tinoco
|
0-0: Ball 1-0: Ground out 4-3 (Groundball, 4MD, EV 105.0 MPH) Hector Padilla to third
|
|
Batting: LHB Kazuyoshi Nakamura
|
0-0: SINGLE (Groundball, 6MD, EV 99.4 MPH) Hector Padilla scores
|
|
Batting: RHB Sean Neuroth
|
0-0: Ball Kazuyoshi Nakamura steals 2nd base 1-0: Called Strike 1-1: DOUBLE (Flyball, 89D, EV 105.0 MPH) Kazuyoshi Nakamura scores
|
|
Batting: RHB Scott King
|
0-0: Swinging Strike 0-1: Ball 1-1: Ball 2-1: Ball 3-1: SINGLE (Flyball, 8RS, EV 87.5 MPH) Sean Neuroth to third Runner from 3rd tries for Home, SAFE, throw by RF to home
|
|
Pitching: RHP Matt Constantino
|
|
|
Batting: RHB Jarrod Joyce
|
0-0: Ball 1-0: Called Strike 1-1: Ball 2-1: Foul Ball, location: 2F 2-2: Strikes out swinging
|
|
Batting: RHB Russ Shambaugh
|
0-0: Ball 1-0: Ball 2-0: Swinging Strike 2-1: DOUBLE (Flyball, 78D, EV 103.1 MPH) Scott King to third
|
|
Batting: RHB Jeremy Boerman
|
0-0: Ball 1-0: Ball 2-0: Ball 3-0: Base on Balls
|
|
Batting: LHB Justin Covington
|
0-0: Swinging Strike 0-1: Ball 1-1: Called Strike 1-2: Foul Ball, location: 2F 1-2: Strikes out swinging
|
| Top of the 4th over - 4 runs, 6 hits, 0 errors, 3 left on base; Scranton WB 9 - Nashville 0 |
| BOTTOM OF THE 4TH |
|
Nashville Sounds batting - Pitching for Scranton WB RailRiders : RHP Erik Sever
|
|
Batting: RHB Luis Restrepo
|
0-0: Ball 1-0: Ball 2-0: Called Strike 2-1: Ball 3-1: Base on Balls
|
|
Batting: RHB Chris Stillions
|
0-0: Ball 1-0: Ball Luis Restrepo steals 2nd base (no throw) 2-0: Foul Ball, location: 2F 2-1: Ball 3-1: Foul Ball, location: 2F 3-2: Foul Ball, location: 2F 3-2: Foul Ball, location: 2F 3-2: Strikes out swinging
|
|
Batting: RHB Dusty Thompson
|
0-0: Ball 1-0: Swinging Strike 1-1: Called Strike 1-2: Ball 2-2: Strikes out swinging
|
|
Batting: RHB Kevin Wiles
|
0-0: Ball 1-0: Foul Ball, location: 2F 1-1: Called Strike 1-2: Strikes out swinging
|
| Bottom of the 4th over - 0 runs, 0 hits, 0 errors, 1 left on base; Scranton WB 9 - Nashville 0 |
| TOP OF THE 5TH |
|
Scranton WB RailRiders batting - Pitching for Nashville Sounds : RHP Matt Constantino
|
|
Batting: RHB Hector Padilla
|
0-0: Ball 1-0: Ball 2-0: Ball 3-0: Called Strike 3-1: Foul Ball, location: 2F 3-2: Base on Balls
|
|
Batting: RHB Neal Tinoco
|
0-0: Called Strike 0-1: Swinging Strike 0-2: Foul Ball, location: 2F 0-2: Foul Ball, location: 2F 0-2: Ball 1-2: Strikes out looking
|
|
Batting: LHB Kazuyoshi Nakamura
|
0-0: Ball 1-0: Ball 2-0: Called Strike 2-1: SINGLE (Groundball, 5D, EV 101.3 MPH) Hector Padilla to second
|
|
Batting: RHB Sean Neuroth
|
0-0: Ball 1-0: Foul Ball, location: 2F 1-1: Fly out, F9 (Flyball, 9, EV 91.3 MPH)
|
|
Batting: RHB Scott King
|
0-0: Swinging Strike 0-1: Swinging Strike 0-2: Ball 1-2: Ball 2-2: Fielders Choice at 2nd, 6-4 (Groundball, 6, EV 81.3 MPH)
|
| Top of the 5th over - 0 runs, 1 hit, 0 errors, 2 left on base; Scranton WB 9 - Nashville 0 |
| BOTTOM OF THE 5TH |
|
Nashville Sounds batting - Pitching for Scranton WB RailRiders : RHP Erik Sever
|
|
Batting: LHB Zachary DeLuca
|
0-0: Ball 1-0: Swinging Strike 1-1: Swinging Strike 1-2: Ball 2-2: Ball 3-2: Base on Balls
|
|
Batting: LHB Angel Sanchez
|
0-0: Fielders Choice at 2nd, 6-4 (Groundball, 6M, EV 82.5 MPH)
|
|
Batting: RHB Trevor Conklin
|
0-0: Ball 1-0: Ball 2-0: Called Strike 2-1: SINGLE (Flyball, 78S, EV 91.9 MPH) Angel Sanchez to second
|
|
Batting: RHB Hyeong-uk Lyang
|
0-0: Grounds into double play, 4-6-3 (Groundball, 4S, EV 86.9 MPH)
|
| Bottom of the 5th over - 0 runs, 1 hit, 0 errors, 1 left on base; Scranton WB 9 - Nashville 0 |
| TOP OF THE 6TH |
|
Scranton WB RailRiders batting - Pitching for Nashville Sounds : RHP Matt Constantino
|
|
Batting: RHB Jarrod Joyce
|
0-0: Called Strike 0-1: Foul Ball, location: 2F 0-2: Ball 1-2: Hit by Pitch
|
|
Batting: RHB Russ Shambaugh
|
0-0: Ball 1-0: Ball 2-0: Ball 3-0: Called Strike 3-1: Foul Ball, location: 2F 3-2: Foul Ball, location: 2F 3-2: Base on Balls Jarrod Joyce to second
|
|
Batting: RHB Jeremy Boerman
|
0-0: Fielders Choice at 2nd, 3-6 (Groundball, 34, EV 90.6 MPH) Jarrod Joyce to third
|
|
Pitching: RHP Caleb Franklin
|
|
|
Batting: LHB Justin Covington
|
0-0: Ball 1-0: Called Strike 1-1: Ball 2-1: Foul Ball, location: 2F 2-2: Strikes out swinging
|
|
Batting: RHB Hector Padilla
|
0-0: Fly out, F4 (Flyball, 34D, EV 80.0 MPH)
|
| Top of the 6th over - 0 runs, 0 hits, 0 errors, 2 left on base; Scranton WB 9 - Nashville 0 |
| BOTTOM OF THE 6TH |
|
Nashville Sounds batting - Pitching for Scranton WB RailRiders : RHP Erik Sever
|
|
Batting: RHB Jerry Escamilla
|
0-0: Ball 1-0: Ball 2-0: Foul Ball, location: 2F 2-1: Swinging Strike 2-2: Foul Ball, location: 2F 2-2: Ball 3-2: Foul Ball, location: 2F 3-2: Foul Ball, location: 2F 3-2: Foul Ball, location: 2F 3-2: Base on Balls
|
|
Batting: RHB Luis Restrepo
|
0-0: Called Strike 0-1: Foul Ball, location: 2F 0-2: Ball 1-2: Strikes out looking
|
|
Batting: RHB Chris Stillions
|
0-0: Ball 1-0: Foul Ball, location: 2F 1-1: Ball 2-1: Foul Ball, location: 2F 2-2: Foul Ball, location: 2F 2-2: Ball 3-2: Base on Balls Jerry Escamilla to second
|
|
Batting: RHB Dusty Thompson
|
0-0: Foul Ball, location: 2F 0-1: Ball 1-1: Ball 2-1: Ball 3-1: SINGLE (Groundball, 6M, EV 96.9 MPH) Jerry Escamilla to third Chris Stillions to second Runner from 3rd tries for Home, SAFE, throw by CF to home
|
|
Batting: RHB Kevin Wiles
|
0-0: Ball 1-0: Ball 2-0: Ball 3-0: Called Strike 3-1: Grounds into double play, 4-6-3 (Groundball, 4, EV 106.3 MPH)
|
| Bottom of the 6th over - 1 run, 1 hit, 0 errors, 1 left on base; Scranton WB 9 - Nashville 1 |
| TOP OF THE 7TH |
|
Scranton WB RailRiders batting - Pitching for Nashville Sounds : RHP Caleb Franklin
|
|
Batting: RHB Neal Tinoco
|
0-0: Ball 1-0: Called Strike 1-1: Foul Ball, location: 2F 1-2: Fly out, F8 (Flyball, 78M, EV 76.9 MPH)
|
|
Batting: LHB Kazuyoshi Nakamura
|
0-0: Called Strike 0-1: Ground out 1-3 (Groundball, P, EV 67.5 MPH)
|
|
Batting: RHB Sean Neuroth
|
0-0: Called Strike 0-1: Called Strike 0-2: Hit by Pitch
|
|
Batting: RHB Scott King
|
0-0: Foul Ball, location: 2F 0-1: Ball 1-1: Foul Ball, location: 2F 1-2: Strikes out swinging
|
| Top of the 7th over - 0 runs, 0 hits, 0 errors, 1 left on base; Scranton WB 9 - Nashville 1 |
| BOTTOM OF THE 7TH |
|
Nashville Sounds batting - Pitching for Scranton WB RailRiders : RHP Erik Sever
|
|
Pitching: LHP Cody Kane
|
|
|
Batting: LHB Zachary DeLuca
|
0-0: Ball 1-0: Fly out, F8 (Line Drive, 8LM, EV 91.3 MPH)
|
|
Batting: LHB Angel Sanchez
|
0-0: Called Strike 0-1: Ball 1-1: Ball 2-1: Ball 3-1: TRIPLE (Flyball, 89XD, EV 92.5 MPH)
|
|
Batting: RHB Trevor Conklin
|
0-0: Ball 1-0: Ground out 6-3 (Groundball, 6S, EV 60.6 MPH) Angel Sanchez scores
|
|
Batting: RHB Hyeong-uk Lyang
|
0-0: Swinging Strike 0-1: Ground out 6-3 (Groundball, 6, EV 106.9 MPH)
|
| Bottom of the 7th over - 1 run, 1 hit, 0 errors, 0 left on base; Scranton WB 9 - Nashville 2 |
| TOP OF THE 8TH |
|
Scranton WB RailRiders batting - Pitching for Nashville Sounds : RHP Caleb Franklin
|
|
Batting: RHB Jarrod Joyce
|
0-0: Called Strike 0-1: Called Strike 0-2: Ball 1-2: Strikes out swinging
|
|
Batting: RHB Russ Shambaugh
|
0-0: Called Strike 0-1: Called Strike 0-2: Strikes out swinging
|
|
Batting: RHB Jeremy Boerman
|
0-0: Swinging Strike 0-1: Swinging Strike 0-2: Ball 1-2: Foul Ball, location: 2F 1-2: Strikes out swinging
|
| Top of the 8th over - 0 runs, 0 hits, 0 errors, 0 left on base; Scranton WB 9 - Nashville 2 |
| BOTTOM OF THE 8TH |
|
Nashville Sounds batting - Pitching for Scranton WB RailRiders : LHP Cody Kane
|
|
Batting: RHB Jerry Escamilla
|
0-0: Ball 1-0: Called Strike 1-1: Ball 2-1: Foul Ball, location: 2F 2-2: Foul Ball, location: 2F 2-2: Foul Ball, location: 2F 2-2: SINGLE (Flyball, 56D, EV 88.8 MPH)
|
|
Batting: RHB Luis Restrepo
|
0-0: Ball 1-0: Called Strike 1-1: Swinging Strike 1-2: Foul Ball, location: 2F 1-2: Grounds into double play, 6-4-3 (Groundball, 6, EV 85.6 MPH)
|
|
Batting: RHB Chris Stillions
|
0-0: Called Strike 0-1: Swinging Strike 0-2: Ground out 6-3 (Groundball, 6, EV 103.1 MPH)
|
| Bottom of the 8th over - 0 runs, 1 hit, 0 errors, 0 left on base; Scranton WB 9 - Nashville 2 |
| TOP OF THE 9TH |
|
Scranton WB RailRiders batting - Pitching for Nashville Sounds : RHP Caleb Franklin
|
|
Batting: LHB Justin Covington
|
0-0: Ball 1-0: Swinging Strike 1-1: Called Strike 1-2: Foul Ball, location: 2F 1-2: Ball 2-2: Strikes out swinging
|
|
Batting: RHB Hector Padilla
|
0-0: Ball 1-0: Ball 2-0: Swinging Strike 2-1: Ball 3-1: Base on Balls
|
|
Batting: RHB Neal Tinoco
|
0-0: Ball 1-0: Called Strike 1-1: Called Strike 1-2: Foul Ball, location: 2F 1-2: SINGLE (Flyball, 5D, EV 90.0 MPH) Hector Padilla to second
|
|
Batting: LHB Kazuyoshi Nakamura
|
0-0: Called Strike 0-1: Ball 1-1: Fielders Choice at 2nd, 5-4 (Groundball, 5D, EV 81.3 MPH) Hector Padilla to third
|
|
Batting: RHB Sean Neuroth
|
0-0: Foul Ball, location: 2F 0-1: Swinging Strike 0-2: Ball 1-2: Strikes out looking
|
| Top of the 9th over - 0 runs, 1 hit, 0 errors, 2 left on base; Scranton WB 9 - Nashville 2 |
| BOTTOM OF THE 9TH |
|
Nashville Sounds batting - Pitching for Scranton WB RailRiders : LHP Cody Kane
|
|
Pinch Hitting: RHB Jonathan Gallup
|
0-0: Foul Ball, location: 2F 0-1: Foul Ball, location: 2F 0-2: Ball 1-2: Strikes out looking
|
|
Batting: RHB Kevin Wiles
|
0-0: Called Strike 0-1: Ball 1-1: Foul Ball, location: 2F 1-2: Ball 2-2: Strikes out looking
|
|
Batting: LHB Zachary DeLuca
|
0-0: Ball 1-0: Swinging Strike 1-1: Called Strike 1-2: Fly out, F9 (Flyball, 9S, EV 90.0 MPH)
|
| Bottom of the 9th over - 0 runs, 0 hits, 0 errors, 0 left on base; Scranton WB 9 - Nashville 2 |
|